 Dungeon Crawl Stone Soup version 0.30.0-29-ga12c61a403 (webtiles) character file.

Game seed: 1966180520222954932

825 seaoflcl the Covered (level 7, -4/61 HPs)
             Began as a Minotaur Fighter on June 9, 2023.
             Was an Initiate of Okawaru.
             Killed by divine providence
             ... invoked by an orc priest
              (14 damage)
             ... on level 6 of the Dungeon.
             The game lasted 00:08:43 (5023 turns).

seaoflcl the Covered (Minotaur Fighter)             Turns: 5023, Time: 00:08:44

Health: -4/61      AC: 13    Str: 22    XL:     7   Next: 64%
Magic:  6/6        EV:  6    Int:  5    God:    Okawaru [......]
Gold:   474        SH:  5    Dex: 10    Spells: 6/6 levels left

rFire   . . .        s - +2 falchion (heavy)
rCold   . . .        c - +0 buckler
rNeg    . . .        f - +0 plate armour
rPois   .            (helmet restricted)
rElec   .            (no cloak)
rCorr   .            A - +0 pair of gloves
SInv    +            (no boots)
Will    .....        (no amulet) Stlth
                     B - ring of see invisible
HPRegen 0.30/turn    (no ring)
MPRegen 0.10/turn

%: no passive effects
@: mighty
A: horns 2, retaliatory headbutt
a: Renounce Religion


You were on level 6 of the Dungeon.
You worshipped Okawaru.
Okawaru was noncommittal.
You visited 2 branches of the dungeon, and saw 7 of its levels.
You also visited: Sewer.

You collected 474 gold pieces.

Inventory:

Hand Weapons
 a - a +0 war axe
 j - a +1 short sword of draining
 s - a +2 heavy falchion (weapon)
Missiles
 n - 8 boomerangs (quivered)
 z - 6 javelins
Armour
 c - a +0 buckler (worn)
 f - a +0 plate armour (worn)
 A - a +0 pair of gloves (worn)
Jewellery
 r - a ring of positive energy
 B - a ring of see invisible (left hand)
 C - a ring of protection from cold
Wands
 k - a wand of polymorph (9)
 o - a wand of flame (16)
 D - a wand of iceblast (12)
Scrolls
 e - a scroll of immolation {unknown}
 g - a scroll of butterflies {unknown}
 i - a scroll of amnesia {unknown}
 m - 2 scrolls of magic mapping
 p - 2 scrolls of fog
 y - a scroll of fear {unknown}
 E - a scroll of poison {unknown}
 F - a scroll of identify
Potions
 b - a potion of degeneration
 h - 2 potions of curing {unknown}
 l - a potion of mutation {unknown}
 q - a potion of heal wounds {unknown}
 t - a potion of invisibility {unknown}
 u - 5 potions of magic
 v - 3 potions of cancellation
 w - a potion of haste
 x - a potion of brilliance {unknown}
 G - a potion of resistance {unknown}


   Skills:
 + Level 5.5 Fighting
 * Level 4.9 Long Blades
 - Level 4.0 Axes
 + Level 2.8 Throwing
 + Level 5.6 Armour
 + Level 5.5 Shields


You had 6 spell levels left.
You didn't know any spells.
Your spell library contained the following spells:

 Spells                   Type           Power      Damage    Failure   Level
 Cigotuvi's Dreadful Rot  Necr/Pois/Air  0%         N/A       100%        2
 Portal Projectile        Hex/Tloc       0%         N/A       100%        3
 Dispel Undead            Necr           0%         3d6       100%        4
 Leda's Liquefaction      Hex/Erth       0%         N/A       100%        4
 Storm Form               Tmut/Air       0%         N/A       100%        7
 Shatter                  Erth           0%         3d5*      100%        9
 Call Canine Familiar     Summ           Unusable   N/A       N/A         3
 Death Channel            Necr           Unusable   N/A       N/A         6

Dungeon Overview and Level Annotations

Branches:
Dungeon (6/15)             Temple (1/1) D:5           Sewer (visited)

Altars:
Ashenzari
Cheibriados
Dithmenos
Elyvilon
Fedhas
Gozag
Hepliaklqana
Kikubaaqudgha
Makhleb
Nemelex Xobeh
Okawaru
Qazlal
Sif Muna
Trog
Uskayaw
Wu Jian
Xom
Yredelemnul
Zin
The Shining One

Annotations:
D:4 2 transporters, PerfectTommy's ghost, amateur HOFi


Innate Abilities, Weirdness & Mutations

You have a pair of horns on your head.
You reflexively headbutt those who attack you in melee.


Message History

You hit the orc warrior. Your headbutt misses the orc warrior.
The orc warrior is moderately wounded.
The orc priest looks braver for a moment.
The orc warrior hits you but does no damage.
You closely miss the orc warrior. Your headbutt misses the orc warrior.
The orc warrior is moderately wounded.
The orc warrior hits you with a +0 hand axe. x2
You barely miss the orc warrior.
The orc warrior is moderately wounded.
The orc warrior hits you but does no damage.
The orc warrior hits you with a +0 hand axe!
You slash the orc warrior! Your headbutt misses the orc warrior.
The orc warrior is almost dead.
The orc warrior hits you with a +0 hand axe.
You hit the orc warrior but do no damage.
Your headbutt misses the orc warrior.
The orc warrior is almost dead.
The orc warrior barely misses you. You furiously retaliate!
You headbutt the orc warrior!
You kill the orc warrior!
Okawaru accepts your kill.
The orc priest calls upon Beogh to heal the orc priest.
The orc priest's wounds heal themselves!
Okay, then.
You feel very mighty all of a sudden. You block the orc priest's attack.
You slice the orc priest!!
You kill the orc priest!
Okawaru accepts your kill.
The orc priest invokes the aid of Beogh against you.
Pain shoots through your body!
* * * LOW HITPOINT WARNING * * *
The orc priest calls down the wrath of Beogh upon you.
Pain shoots through your body!
* * * LOW HITPOINT WARNING * * *
A shadow imp comes into view.
The shadow imp shouts!
The orc priest calls down the wrath of Beogh upon you.
Beogh smites you!
You die...

..####.##.#........# #.....
..####....#<.......# .......
..............###### #
..#..... .####..PPPP...# ..
###..... ..............# ..#
###### .......##.#.#.# ..# #
######.##.....# .5 #
.....#.##...#.####.# #
####.#.######...@oo#
#.#.#.....####### #.#.#.###.
#.### ## #.# ### ####### #.#
####.####.....######## #.#
##.#................#.###
#.####.......................#
#.#.......###.........##......


You could see an orc priest, an orc wizard (invisible) and a shadow imp.

Vanquished Creatures
  An orc warrior (D:6)
  A black bear (D:5)
  A phantom (D:6)
  An orc priest (D:6)
  2 hounds (D:6)
  3 jellies (Sewer)
  3 iguanas
  2 sleepcaps
  An orc wizard (D:6)
  6 adders
  4 river rats (Sewer)
  A shadow imp (D:6)
  2 worms (D:4)
  4 dart slugs
  14 orcs
  3 bats
  15 endoplasms
  8 giant cockroaches
  8 goblins
  7 hobgoblins
  7 quokkas
  9 ball pythons
  10 frilled lizards
  7 kobolds
  4 rats
124 creatures vanquished.

Notes
Turn   | Place    | Note
-------+----------+-------------------------------------------
     0 | D:1      | seaoflcl the Minotaur Fighter began the quest for the Orb.
     0 | D:1      | Reached XP level 1. HP: 19/19 MP: 0/0
   259 | D:1      | Reached XP level 2. HP: 23/27 MP: 1/1
   821 | D:1      | Reached XP level 3. HP: 31/33 MP: 2/2
  1551 | D:3      | Reached XP level 4. HP: 32/40 MP: 3/3
  1660 | D:3      | Got Engoipp's Precepts of Mutagenic Terra Firma
  1757 | D:3      | Found a faded altar of an unknown god.
  2130 | D:4      | Found a glowing drain.
  2139 | Sewer    | Entered a sewer
  2189 | Sewer    | Reached skill level 1 in Long Blades
  2215 | Sewer    | Reached skill level 1 in Throwing
  2215 | Sewer    | Reached XP level 5. HP: 23/47 MP: 4/4
  2384 | Sewer    | Found a shimmering altar of Xom.
  2805 | D:4      | Reached XP level 6. HP: 51/51 MP: 5/5
  2827 | D:4      | Noticed PerfectTommy's ghost (amateur HOFi)
  2829 | D:4      | Found a transporter.
  2834 | D:4      | Found a transporter.
  2980 | D:4      | Found a white marble altar of Elyvilon.
  3300 | D:5      | Entered Level 5 of the Dungeon
  3366 | D:5      | Found a bloodstained altar of Trog.
  3501 | D:5      | Found a staircase to the Ecumenical Temple.
  3506 | Temple   | Entered the Ecumenical Temple
  3820 | D:5      | Found a broken altar of Ashenzari.
  3984 | D:5      | Found a blossoming altar of Fedhas.
  3984 | D:5      | Found a shimmering altar of Xom.
  4001 | D:5      | Reached skill level 5 in Fighting
  4001 | D:5      | Reached skill level 5 in Armour
  4001 | D:5      | Reached skill level 5 in Shields
  4308 | D:6      | Reached XP level 7. HP: 39/61 MP: 6/6
  4635 | D:6      | Found a glowing golden altar of the Shining One.
  4680 | D:6      | Found an iron altar of Okawaru.
  4685 | D:6      | Became a worshipper of Warmaster Okawaru
  4747 | D:6      | Found a glowing silver altar of Zin.
  4891 | D:6      | Found a burning altar of Makhleb.
  5023 | D:6      | Killed from afar by an orc priest

Illustrated notes

Levels and vault maps discovered:
D:1:      eino_arrival_cavern_c, layout_loops_ring, serial_forest,
          infiniplex_forest_lined_2, infiniplex_forest_lined_3_way,
          infiniplex_forest_clump_cross, infiniplex_forest_split,
          infiniplex_forest_fountain, infiniplex_forest_clump_small,
          infiniplex_forest_lined_3, infiniplex_forest_end_2, minivault_23,
          minivault_27, kennysheep_small_spiral
D:2:      layout_rooms
D:3:      layout_rooms, nicolae_ecumenical_oubliette, dk_noncrumbling_3
D:4:      layout_basic, amcnicky_altar_gilded, portal_sewer_entry_d,
          gammafunk_ghost_arena
D:5:      layout_gridville, jmf_multi_god_temple,
          nicolae_overflow_hidden_temple, ashenzari_conservatory_becter,
          temple_doors_cd
D:6:      layout_basic, makhleb_heckhound_becter, mainiacjoe_overflow_boulevard,
          nicolae_tso_carved_into_rock, zin_treasury
Temple:   chequers_temple_sunken

Skill      XL: |  1  2  3  4  5  6  7 |
---------------+----------------------+-----
Axes           | 3 4 |  4.0
Shields        | 4 5 |  5.5
Armour         | 4 5 |  5.6
Fighting       | 4 5 |  5.5
Long Blades    | 1 2 3 4 |  4.9
Throwing       | 1 2 |  2.8

Action                     |  1- 3 |  4- 6 |  7- 9 || total
---------------------------+-------+-------+-------++-------
  Melee: War axe           |   108 |    25 |       ||   133
         Headbutt          |    11 |    23 |     5 ||    39
         Falchion          |       |   137 |    32 ||   169
    Use: Scroll            |       |     5 |       ||     5
         Potion            |       |       |     1 ||     1
 Armour: Scale mail        |     4 |       |       ||     4
         Chain mail        |    52 |    76 |       ||   128
         Plate armour      |       |    56 |    16 ||    72
  Dodge: Dodged            |    29 |    71 |    10 ||   110
  Block: Buckler           |    17 |    49 |     5 ||    71
